AoeStats
← buz

Arabia

507305303Analyzed
2v2 RM · 14d ago on Sep 17, 2026· 43m 56s· 4 players
Game mode
Random Map
Map size
Medium (4 player)
Population
200
Speed
Normal
Resources
Standard
Victory
Conquest
Starting age
Dark Age
Ending age
Imperial Age
RankedLock teamsTeams togetherTeam positionsShared explorationLock speedFull tech treeHidden civsTurbo modeCheats
Victory
Defeat
🇫🇷 Bulgarians · France
810
+16
🇫🇷 Ethiopians · France
809
+16
🇿🇦 Huns · South Africa
815
-17
🇨🇱 Japanese · Chile
793
-15
nguerrah99
0:28 Loom
12:14 Feudal Age
13:15 Man-at-Arms
14:01 Double-Bit Axe
15:16 Horse Collar
16:59 Fletching
19:56 Gold Mining
20:12 Stone Mining
27:50 Castle Age
28:00 Town Watch
29:10 Padded Archer Armor
29:07 Bodkin Arrow
29:17 Caravan
33:12 Leather Archer Armor
34:02 Heavy Plow
34:15 Bow Saw
34:49 Thumb Ring
34:58 Thumb Ring
35:17 Scale Mail Armor
35:28 Forging
38:05 Elite Skirmisher
Germand
7:59 Loom
11:41 Feudal Age
15:19 Double-Bit Axe
16:41 Horse Collar
18:55 Wheelbarrow
21:51 Town Watch
25:16 Castle Age
24:03 Scale Mail Armor
24:04 Padded Archer Armor
24:34 Fletching
32:00 Imperial Age
29:54 Stone Mining
31:32 Thumb Ring
31:52 Crossbowman
32:20 Pikeman
34:58 Hand Cart
34:44 Town Patrol
35:16 Gold Mining
39:53 Chain Mail Armor
41:14 Scale Barding Armor
41:24 Leather Archer Armor
buz
6:48 Loom
10:19 Feudal Age
16:27 Fletching
22:52 Castle Age
22:14 Double-Bit Axe
22:17 Horse Collar
22:34 Gold Mining
22:49 Padded Archer Armor
24:21 Wheelbarrow
23:10 Crossbowman
23:52 Bodkin Arrow
26:05 Town Watch
26:42 Thumb Ring
26:54 Bow Saw
30:11 Hand Cart
30:05 Town Patrol
35:30 Leather Archer Armor
46:24 Imperial Age
memex
7:35 Loom
11:15 Feudal Age
11:59 Double-Bit Axe
14:08 Scale Mail Armor
14:19 Forging
13:52 Horse Collar
16:54 Town Watch
22:55 Wheelbarrow
24:40 Castle Age
23:07 Scale Barding Armor
23:23 Stone Mining
23:23 Gold Mining
23:39 Gold Mining
25:18 Bloodlines
27:36 Elite Skirmisher
33:21 Hand Cart
33:17 Town Patrol
33:53 Pikeman
35:06 Chain Barding Armor
36:52 Hand Cart
36:37 Town Patrol
37:10 Chain Mail Armor
37:30 Iron Casting
43:07 Imperial Age
42:58 Bow Saw
Connection lost

Rejoining the realm…

Still unreachable

The connection could not be restored.

Session expired

The server has moved on; the page needs a fresh start.